TOP OF THE 1ST |
---|
Oregon State Beavers batting - Pitching for Clemson Tigers : RHP Bob Jordan | Pitching: RHP Bob Jordan | | Batting: RHB Travis Jackson | 0-0: Fly out, F5 (Popup, 5) | Batting: RHB Lance Fullerton | 0-0: Ground out 5-3 (Groundball, 5) | Batting: RHB Michael Kissinger | 0-0: Ball 1-0: Ground out 5-3 (Groundball, 5) | Top of the 1st over - 0 runs, 0 hits, 0 errors, 0 left on base; Oregon State 0 - Clemson 0 | BOTTOM OF THE 1ST |
---|
Clemson Tigers batting - Pitching for Oregon State Beavers : RHP Carlos Abrante | Pitching: RHP Carlos Abrante | | Batting: LHB Dan Dukes | 0-0: Foul Ball, location: 2F 0-1: Swinging Strike 0-2: Ball 1-2: Ball 2-2: Ground out 6-3 (Groundball, 6MS) | Batting: RHB António Delgado | 0-0: Ball 1-0: Swinging Strike 1-1: Ball 2-1: Ball 3-1: Base on Balls | Batting: LHB Pedro Robolledo | 0-0: Swinging Strike 0-1: Ball 1-1: Ball 2-1: Called Strike 2-2: Foul Ball, location: 2F 2-2: Foul Ball, location: 2F 2-2: Ball 3-2: SINGLE (Flyball, 7LS) António Delgado to second | Batting: SHB Ken Hall | 0-0: Foul Ball, location: 2F 0-1: Ball 1-1: Swinging Strike 1-2: Ball 2-2: Ball 3-2: Base on Balls António Delgado to third Pedro Robolledo to second | Batting: RHB Garth O'Flahavan | 0-0: Ball 1-0: Ball 2-0: Ball 3-0: Base on Balls António Delgado scores Pedro Robolledo to third Ken Hall to second | Batting: RHB Jimmy Bryan | 0-0: Ball 1-0: Swinging Strike 1-1: Ball 2-1: Foul Ball, location: 2F 2-2: Strikes out swinging | Batting: RHB Matt Blanton | 0-0: Ball Wild Pitch! Pedro Robolledo scores Ken Hall to third Garth O'Flahavan to second 1-0: Ball 2-0: Ball 3-0: Base on Balls | Batting: RHB Ricardo Medellín | 0-0: Foul Ball, location: 2F 0-1: Swinging Strike 0-2: Ground out 4-3 (Groundball, 4) | Bottom of the 1st over - 2 runs, 1 hit, 0 errors, 3 left on base; Oregon State 0 - Clemson 2 | TOP OF THE 2ND |
---|
Oregon State Beavers batting - Pitching for Clemson Tigers : RHP Bob Jordan | Batting: SHB Brandon Hathaway | 0-0: Swinging Strike 0-1: Foul Ball, location: 2F 0-2: Ball 1-2: Strikes out swinging | Batting: LHB Jon Jackson | 0-0: Foul Ball, location: 2F 0-1: Ball 1-1: Called Strike 1-2: SOLO HOME RUN (Flyball, 9D), Distance : 358 ft | Batting: RHB Wilson Serrano | 0-0: Reached on error, E5 (Groundball, 5) | Batting: SHB Luis Rodríguez | 0-0: Swinging Strike 0-1: Fly out, F6 (Popup, 6S) | Batting: RHB Julius Sears | 0-0: Foul Ball, location: 2F 0-1: Ball 1-1: Ball 2-1: Ball 3-1: Called Strike 3-2: Foul Ball, location: 2F 3-2: Strikes out swinging | Top of the 2nd over - 1 run, 1 hit, 1 error, 1 left on base; Oregon State 1 - Clemson 2 | BOTTOM OF THE 2ND |
---|
Clemson Tigers batting - Pitching for Oregon State Beavers : RHP Carlos Abrante | Batting: RHB Zach O'Kelly | 0-0: Swinging Strike 0-1: Foul Ball, location: 2F 0-2: Strikes out swinging | Batting: LHB Dan Dukes | 0-0: Ball 1-0: Foul Ball, location: 2F 1-1: Ball 2-1: Ground out 6-3 (Groundball, 6) | Batting: RHB António Delgado | 0-0: Ball 1-0: Ball 2-0: Ball 3-0: Base on Balls | Batting: LHB Pedro Robolledo | 0-0: Fly out, F9 (Flyball, 9LM) | Bottom of the 2nd over - 0 runs, 0 hits, 0 errors, 1 left on base; Oregon State 1 - Clemson 2 | TOP OF THE 3RD |
---|
Oregon State Beavers batting - Pitching for Clemson Tigers : RHP Bob Jordan | Batting: RHB Bert Smith | 0-0: Ground out U3 (Groundball, 3) | Batting: RHB Travis Jackson | 0-0: Ball 1-0: Foul Ball, location: 2F 1-1: Ball 2-1: Foul Ball, location: 2F 2-2: Strikes out swinging | Batting: RHB Lance Fullerton | 0-0: Ball 1-0: Called Strike 1-1: Ground out 5-3 (Groundball, 56) | Top of the 3rd over - 0 runs, 0 hits, 0 errors, 0 left on base; Oregon State 1 - Clemson 2 | BOTTOM OF THE 3RD |
---|
Clemson Tigers batting - Pitching for Oregon State Beavers : RHP Carlos Abrante | Batting: SHB Ken Hall | 0-0: Foul Ball, location: 2F 0-1: Ball 1-1: SINGLE (Groundball, 34) (infield hit) | Batting: RHB Garth O'Flahavan | 0-0: Called Strike Throwing error on steal attempt, E2 Ken Hall to third 0-1: Ball 1-1: Swinging Strike 1-2: Foul Ball, location: 2F 1-2: Ball 2-2: Strikes out looking | Batting: RHB Jimmy Bryan | 0-0: Ball 1-0: Ball 2-0: Called Strike 2-1: Ball 3-1: Foul Ball, location: 2F 3-2: Base on Balls | Batting: RHB Matt Blanton | 0-0: Ball 1-0: Ball 2-0: SINGLE (Groundball, 6MS) (infield hit) Ken Hall scores Jimmy Bryan to second | Batting: RHB Ricardo Medellín | 0-0: Ball 1-0: Called Strike 1-1: Ball 2-1: Ball 3-1: Base on Balls Jimmy Bryan to third Matt Blanton to second | Pitching: LHP António González | | Batting: RHB Zach O'Kelly | 0-0: Ball 1-0: Ball 2-0: Called Strike 2-1: Swinging Strike 2-2: Fly out, F7 (Line Drive, 7) Runner from 3rd tags up, OUT at HOME | Bottom of the 3rd over - 1 run, 2 hits, 1 error, 2 left on base; Oregon State 1 - Clemson 3 | TOP OF THE 4TH |
---|
Oregon State Beavers batting - Pitching for Clemson Tigers : RHP Bob Jordan | Batting: RHB Michael Kissinger | 0-0: SINGLE (Line Drive, 7LM) | Batting: SHB Brandon Hathaway | 0-0: Called Strike 0-1: Called Strike 0-2: Strikes out looking | Batting: LHB Jon Jackson | 0-0: Foul Ball, location: 2F 0-1: Swinging Strike 0-2: Foul Ball, location: 2F 0-2: Strikes out looking | Batting: RHB Wilson Serrano | 0-0: Ball 1-0: Foul Ball, location: 2F 1-1: Called Strike 1-2: Strikes out looking | Top of the 4th over - 0 runs, 1 hit, 0 errors, 1 left on base; Oregon State 1 - Clemson 3 | BOTTOM OF THE 4TH |
---|
Clemson Tigers batting - Pitching for Oregon State Beavers : LHP António González | Batting: LHB Dan Dukes | 0-0: Called Strike 0-1: Called Strike 0-2: Foul Ball, location: 2F 0-2: Ball 1-2: Foul Ball, location: 2F 1-2: SINGLE (Groundball, 56D) | Batting: RHB António Delgado | 0-0: Called Strike 0-1: Ball 1-1: Ground out 5-3 (Groundball, 56S) Dan Dukes to second | Batting: LHB Pedro Robolledo | 0-0: Called Strike 0-1: Called Strike 0-2: Strikes out swinging | Batting: SHB Ken Hall | 0-0: Swinging Strike 0-1: Foul Ball, location: 2F 0-2: Strikes out swinging | Bottom of the 4th over - 0 runs, 1 hit, 0 errors, 1 left on base; Oregon State 1 - Clemson 3 | TOP OF THE 5TH |
---|
Oregon State Beavers batting - Pitching for Clemson Tigers : RHP Bob Jordan | Batting: SHB Luis Rodríguez | 0-0: Ball 1-0: Swinging Strike 1-1: Swinging Strike 1-2: Strikes out swinging | Batting: RHB Julius Sears | 0-0: Ball 1-0: Ball 2-0: Ball 3-0: Base on Balls | Batting: RHB Bert Smith | 0-0: Swinging Strike 0-1: Called Strike 0-2: Strikes out swinging | Batting: RHB Travis Jackson | 0-0: Ball 1-0: Fly out, F7 (Flyball, 7S) | Top of the 5th over - 0 runs, 0 hits, 0 errors, 1 left on base; Oregon State 1 - Clemson 3 | BOTTOM OF THE 5TH |
---|
Clemson Tigers batting - Pitching for Oregon State Beavers : LHP António González | Batting: RHB Garth O'Flahavan | 0-0: Ball 1-0: Fly out, F6 (Line Drive, 6) | Batting: RHB Jimmy Bryan | 0-0: Fly out, F2 (Popup, 3SF) | Batting: RHB Matt Blanton | 0-0: Called Strike 0-1: Ball 1-1: Called Strike 1-2: Ball 2-2: Ball 3-2: Base on Balls | Batting: RHB Ricardo Medellín | 0-0: Ball 1-0: Called Strike 1-1: Ball 2-1: Fly out, F7 (Flyball, 7LMF) | Bottom of the 5th over - 0 runs, 0 hits, 0 errors, 1 left on base; Oregon State 1 - Clemson 3 | TOP OF THE 6TH |
---|
Oregon State Beavers batting - Pitching for Clemson Tigers : RHP Bob Jordan | Batting: RHB Lance Fullerton | 0-0: Called Strike 0-1: SINGLE (Groundball, 6MD) | Batting: RHB Michael Kissinger | 0-0: Ball 1-0: Foul Ball, location: 2F 1-1: Foul Ball, location: 2F 1-2: Foul Ball, location: 2F 1-2: Foul Ball, location: 2F 1-2: Ball 2-2: Fielders Choice at 2nd, 3-6 (Groundball, 3) | Batting: SHB Brandon Hathaway | 0-0: 2-RUN HOME RUN (Flyball, 7LD), Distance : 328 ft | Batting: LHB Jon Jackson | 0-0: Called Strike 0-1: Ball 1-1: Ball 2-1: Foul Ball, location: 2F 2-2: Ball 3-2: Base on Balls | Batting: RHB Wilson Serrano | 0-0: Called Strike 0-1: Ball 1-1: Ball 2-1: Ball 3-1: Base on Balls Jon Jackson to second | Pitching: RHP Tim Whitacre | | Batting: SHB Luis Rodríguez | 0-0: Fly out, F7 (Flyball, 7) | Batting: RHB Julius Sears | 0-0: Ball 1-0: DOUBLE (Line Drive, 7LM) Jon Jackson scores Wilson Serrano to third Runner from 3rd tries for Home, SAFE, no throw | Batting: RHB Bert Smith | 0-0: Called Strike 0-1: SINGLE (Line Drive, 9LS) Julius Sears to third Runner from 3rd tries for Home, SAFE, no throw | Batting: RHB Travis Jackson | 0-0: Foul Ball, location: 2F 0-1: Swinging Strike 0-2: Foul Ball, location: 2F 0-2: Foul Ball, location: 2F 0-2: Ball 1-2: Strikes out swinging | Top of the 6th over - 5 runs, 4 hits, 0 errors, 1 left on base; Oregon State 6 - Clemson 3 | BOTTOM OF THE 6TH |
---|
Clemson Tigers batting - Pitching for Oregon State Beavers : LHP António González | Batting: RHB Zach O'Kelly | 0-0: Swinging Strike 0-1: Called Strike 0-2: Ball 1-2: Strikes out looking | Batting: LHB Dan Dukes | 0-0: Called Strike 0-1: Foul Ball, location: 2F 0-2: Ball 1-2: Strikes out swinging | Batting: RHB António Delgado | 0-0: Ball 1-0: Foul Ball, location: 2F 1-1: Foul Ball, location: 2F 1-2: Strikes out looking | Bottom of the 6th over - 0 runs, 0 hits, 0 errors, 0 left on base; Oregon State 6 - Clemson 3 | TOP OF THE 7TH |
---|
Oregon State Beavers batting - Pitching for Clemson Tigers : RHP Tim Whitacre | Batting: RHB Lance Fullerton | 0-0: Foul Ball, location: 2F 0-1: Ball 1-1: Ball 2-1: Foul Ball, location: 2F 2-2: Foul Ball, location: 2F 2-2: Foul Ball, location: 2F 2-2: Strikes out looking | Batting: RHB Michael Kissinger | 0-0: Ball 1-0: Called Strike 1-1: Foul Ball, location: 2F 1-2: Fly out, F9 (Flyball, 9) | Batting: SHB Brandon Hathaway | 0-0: Ball 1-0: Ground out 5-3 (Groundball, 56S) | Top of the 7th over - 0 runs, 0 hits, 0 errors, 0 left on base; Oregon State 6 - Clemson 3 | BOTTOM OF THE 7TH |
---|
Clemson Tigers batting - Pitching for Oregon State Beavers : LHP António González | Batting: LHB Pedro Robolledo | 0-0: Called Strike 0-1: Ball 1-1: Ball 2-1: Ball 3-1: Base on Balls | Batting: SHB Ken Hall | 0-0: Ball 1-0: Foul Ball, location: 2F 1-1: Fly out, F3 (Popup, 3SF) | Batting: RHB Garth O'Flahavan | 0-0: Ball 1-0: Ball 2-0: Swinging Strike 2-1: Ball 3-1: Base on Balls Pedro Robolledo to second | Batting: RHB Jimmy Bryan | 0-0: Called Strike 0-1: Called Strike 0-2: Foul Ball, location: 2F 0-2: Ball 1-2: Ball 2-2: Foul Ball, location: 2F 2-2: Hit by Pitch Pedro Robolledo to third Garth O'Flahavan to second | Pitching: RHP Lee Scott | | Batting: RHB Matt Blanton | 0-0: Foul Ball, location: 2F 0-1: Ball 1-1: Foul Ball, location: 2F 1-2: Foul Ball, location: 2F 1-2: Ball 2-2: Fly out, F3 (Popup, 34S) | Batting: RHB Ricardo Medellín | 0-0: Foul Ball, location: 2F 0-1: Ground out 3-1 (Groundball, 3S) | Bottom of the 7th over - 0 runs, 0 hits, 0 errors, 3 left on base; Oregon State 6 - Clemson 3 | TOP OF THE 8TH |
---|
Oregon State Beavers batting - Pitching for Clemson Tigers : RHP Tim Whitacre | Batting: LHB Jon Jackson | 0-0: Called Strike 0-1: Ball 1-1: Ground out 6-3 (Groundball, 6) | Batting: RHB Wilson Serrano | 0-0: Ball 1-0: Ball 2-0: Ball 3-0: Called Strike 3-1: Fly out, F7 (Flyball, 7LM) | Batting: SHB Luis Rodríguez | 0-0: SOLO HOME RUN (Flyball, 9LD), Distance : 333 ft | Batting: RHB Julius Sears | 0-0: Ball 1-0: Ball 2-0: DOUBLE (Flyball, 8LXD) | Batting: RHB Bert Smith | 0-0: Ball 1-0: Ball 2-0: Ball 3-0: Called Strike 3-1: Foul Ball, location: 2F 3-2: Base on Balls | Batting: RHB Travis Jackson | 0-0: Called Strike 0-1: Ball 1-1: Swinging Strike 1-2: Strikes out looking | Top of the 8th over - 1 run, 2 hits, 0 errors, 2 left on base; Oregon State 7 - Clemson 3 | BOTTOM OF THE 8TH |
---|
Clemson Tigers batting - Pitching for Oregon State Beavers : RHP Lee Scott | Batting: RHB Zach O'Kelly | 0-0: Foul Ball, location: 2F 0-1: Ball 1-1: Fly out, F8 (Flyball, 8RM) | Batting: LHB Dan Dukes | 0-0: Ball 1-0: Foul Ball, location: 2F 1-1: Called Strike 1-2: Ball 2-2: Foul Ball, location: 2F 2-2: Foul Ball, location: 2F 2-2: Foul Ball, location: 2F 2-2: Foul Ball, location: 2F 2-2: Ball 3-2: SINGLE (Groundball, 56D) | Batting: RHB António Delgado | 0-0: Fly out, F8 (Flyball, 8LD) | Batting: LHB Pedro Robolledo | 0-0: Ball 1-0: Ball 2-0: Fly out, F9 (Flyball, 9D) | Bottom of the 8th over - 0 runs, 1 hit, 0 errors, 1 left on base; Oregon State 7 - Clemson 3 | TOP OF THE 9TH |
---|
Oregon State Beavers batting - Pitching for Clemson Tigers : RHP Tim Whitacre | Batting: RHB Lance Fullerton | 0-0: Reached on error, E6 (Groundball, 6) | Batting: RHB Michael Kissinger | 0-0: Called Strike 0-1: Called Strike 0-2: Ball 1-2: Strikes out swinging | Batting: SHB Brandon Hathaway | 0-0: Ball 1-0: Swinging Strike 1-1: Called Strike 1-2: Ball 2-2: Foul Ball, location: 2F 2-2: Foul Ball, location: 2F 2-2: Foul Ball, location: 2F 2-2: Ground out 3-1 (Groundball, 34) Lance Fullerton to second | Pitching: RHP Jim Santiago | | Batting: LHB Jon Jackson | 0-0: Called Strike 0-1: Foul Ball, location: 2F 0-2: Ball 1-2: Foul Ball, location: 2F 1-2: Ground out 6-3 (Groundball, 6) | Top of the 9th over - 0 runs, 0 hits, 1 error, 1 left on base; Oregon State 7 - Clemson 3 | BOTTOM OF THE 9TH |
---|
Clemson Tigers batting - Pitching for Oregon State Beavers : RHP Lee Scott | Pitching: RHP Mario Benoit | | Batting: SHB Ken Hall | 0-0: Ball 1-0: Fly out, F9 (Flyball, 9D) | Batting: RHB Garth O'Flahavan | 0-0: Swinging Strike 0-1: Swinging Strike 0-2: Ball 1-2: Ball 2-2: Foul Ball, location: 2F 2-2: Strikes out swinging | Batting: RHB Jimmy Bryan | 0-0: Ball 1-0: SOLO HOME RUN (Flyball, 7D), Distance : 365 ft | Batting: RHB Matt Blanton | 0-0: Ball 1-0: Ball 2-0: Called Strike 2-1: Foul Ball, location: 2F 2-2: Foul Ball, location: 2F 2-2: Fly out, F8 (Flyball, 89S) | Bottom of the 9th over - 1 run, 1 hit, 0 errors, 0 left on base; Oregon State 7 - Clemson 4 | |